 Dungeon Sprint DCSS version 0.24.1-14-gf8d2b509d9 (webtiles) character file.

Game seed: 11180143436160683614, levelgen mode: deterministic

1358 sahdkjhfkaj the Thaumaturge (level 8, -16/65 HPs)
             Began as a Gnoll Venom Mage on Oct 7, 2020.
             Was an Initiate of Gozag.
             Shot with an arrow by a centaur warrior (18 damage)
             ... in the Dungeon (Sprint IX: "|||||||||||||||||||||||||||||").
             The game lasted 00:02:56 (1262 turns).

sahdkjhfkaj the Thaumaturge (Gnoll Venom Mage)      Turns: 1262, Time: 00:02:56

Health: -16/65     AC:  7    Str: 10    XL:     8   Next: 64%
Magic:  4/20       EV: 18    Int: 21    God:    Gozag
Gold:   702        SH:  0    Dex: 18    Spells: 13/23 levels left

rFire    . . .     SeeInvis .   l - staff of energy
rCold    . . .     Gourm    .   (no shield)
rNeg     . . .     Faith    .   a - +0 robe
rPois    .         Spirit   .   (no helmet)
rElec    .         Reflect  .   (no cloak)
rCorr    .         Harm     .   m - +0 pair of gloves
MR       .....     NoTele   +   n - +0 pair of boots
Stlth    ++++......             (no amulet)
HPRegen  0.20/turn              p - +3 ring of dexterity
MPRegen  0.17/turn              o - +2 ring of protection

@: very slightly contaminated
A: distributed training, fangs 1, strong nose
a: Potion Petition, Call Merchant, Bribe Branch, Renounce Religion


You were in the Dungeon.
You worshipped Gozag.
Gozag was pleased with you.
You were hungry.

You visited 1 branch You collected 702 gold pieces.

Inventory:

Armour
 a - a +0 robe (worn)
 m - a +0 pair of gloves (worn)
 n - a +0 pair of boots (worn)
Magical Staves
 l - an uncursed staff of energy (weapon)
Jewellery
 o - a +2 ring of protection (right hand)
 p - a +3 ring of dexterity (left hand)
Wands
 k - a wand of acid (10)
Scrolls
 h - 3 scrolls of remove curse
 i - 2 scrolls of blinking
 j - 2 scrolls of amnesia
Potions
 b - a potion of invisibility
 d - 5 potions of curing
 f - a potion of haste
 g - 4 potions of magic
Comestibles
 c - a ration


   Skills:
 + Level 6.6 Fighting
 + Level 6.6 Short Blades
 + Level 6.6 Long Blades
 + Level 6.6 Axes
 + Level 6.6 Maces & Flails
 + Level 6.6 Polearms
 + Level 6.6 Staves
 + Level 6.6 Slings
 + Level 6.6 Bows
 + Level 6.6 Crossbows
 + Level 6.6 Throwing
 + Level 6.6 Armour
 + Level 8.1 Dodging
 + Level 7.9 Stealth
 + Level 6.6 Shields
 + Level 6.6 Unarmed Combat
 + Level 8.4 Spellcasting
 + Level 5.9 Conjurations
 + Level 5.4 Hexes
 + Level 5.4 Charms
 + Level 5.4 Summonings
 + Level 5.4 Necromancy
 + Level 5.4 Translocations
 + Level 5.4 Transmutations
 + Level 5.4 Fire Magic
 + Level 5.4 Ice Magic
 + Level 5.4 Air Magic
 + Level 5.4 Earth Magic
 + Level 7.8 Poison Magic
 + Level 7.2 Invocations
 + Level 6.6 Evocations


You had 13 spell levels left.
You knew the following spells:

 Your Spells              Type           Power        Failure   Level  Hunger
a - Venom Bolt            Conj/Pois      #####.....   12%         5    None
b - Olgreb's Toxic Radia  Pois           #####...     3%          4    None
e - Sting                 Conj/Pois      ####         1%          1    None

Your spell library contained the following spells:

 Spells                   Type           Power        Failure   Level  Hunger
 Poisonous Vapours        Pois/Air       #####.       1%          2    None
 Mephitic Cloud           Conj/Pois/Air  #####...     1%          3    None


Dungeon Overview and Level Annotations

Branches:
Dungeon (1/1)

Altars:
Cheibriados
Dithmenos
Elyvilon
Fedhas
Gozag
Hepliaklqana
Kikubaaqudgha
Makhleb
Nemelex Xobeh
Okawaru
Qazlal
Ru
Sif Muna
Trog
Uskayaw
Vehumet
Wu Jian
Xom
Yredelemnul
Zin
The Shining One
Beogh
Jiyva
Lugonu


Innate Abilities, Weirdness & Mutations

Your experience applies equally to all skills.
You have very sharp teeth.
Your uncanny sense of smell can sniff out nearby items.


Message History

The centaur warrior shoots an arrow.
The arrow hits you!
* * * LOW HITPOINT WARNING * * *
You see here 2 arrows.
Unknown command.
You feel much better.
The centaur warrior shoots an arrow.
The arrow hits you!!
* * * LOW HITPOINT WARNING * * *
You see here an arrow.
You feel much better.
The centaur warrior shoots an arrow.
The arrow misses you.
The centaur warrior shoots an arrow.
The arrow hits you!!
* * * LOW HITPOINT WARNING * * *
There is an open door to the Dungeon, spattered with blood here.
Things that are here:
an arrow; a +0 dagger; a +0 robe The centaur warrior shoots an arrow.
The arrow hits you!
* * * LOW HITPOINT WARNING * * *
The centaur warrior shoots an arrow.
The arrow hits you!!
You die...
Your body crumbles into a pile of gold.

▓.▓
$
▓.▓
$
▓.▓
$
▓)▓
$
▓.▓
▓.▓
$
▓(▓
▓.▓
$
▓@▓
∆
▓(▓
∆ $
▓(▓
$
▓(▓
∆ $
▓.▓
$
▓c▓
∆ $
▓D▓
$
▓y▓
∆ $
▓W▓
∆


You could see a four-headed hydra, a centaur warrior and a vampire mosquito.

Vanquished Creatures
  A two-headed ogre (D)
  2 hippogriffs (D)
  A black bear (D)
  A sky beast (D)
  A phantom (D)
  A howler monkey (D)
  A hound (D)
  An orc wizard (D)
  A leopard gecko (D)
  An orc (D)
  A bat (D)
  A hobgoblin (D)
  A jackal (D)
  A ball python skeleton (D)
  A kobold (D)
  A quokka skeleton (D)
  A rat (D)
18 creatures vanquished.

Notes
Turn   | Place    | Note
-------+----------+-------------------------------------------
     0 | D        | sahdkjhfkaj the Gnoll Venom Mage began the quest for the
                  | Orb.
     0 | D        | Reached XP level 1. HP: 13/13 MP: 6/6
    13 | D        | Reached skill level 5 in Spellcasting
    22 | D        | Reached skill level 1 in Fighting
    22 | D        | Reached skill level 1 in Short Blades
    22 | D        | Reached skill level 1 in Long Blades
    22 | D        | Reached skill level 1 in Axes
    22 | D        | Reached skill level 1 in Maces & Flails
    22 | D        | Reached skill level 1 in Polearms
    22 | D        | Reached skill level 1 in Staves
    22 | D        | Reached skill level 1 in Slings
    22 | D        | Reached skill level 1 in Bows
    22 | D        | Reached skill level 1 in Crossbows
    22 | D        | Reached skill level 1 in Throwing
    22 | D        | Reached skill level 1 in Armour
    22 | D        | Reached skill level 1 in Shields
    22 | D        | Reached skill level 1 in Unarmed Combat
    22 | D        | Reached skill level 1 in Invocations
    22 | D        | Reached skill level 1 in Evocations
   239 | D        | Noticed a phantom
   246 | D        | Reached XP level 2. HP: 21/21 MP: 5/8
   255 | D        | Killed a phantom
   255 | D        | Reached skill level 5 in Dodging
   255 | D        | Reached skill level 5 in Stealth
   255 | D        | Reached XP level 3. HP: 20/28 MP: 7/10
   255 | D        | Reached XP level 4. HP: 24/34 MP: 7/11
   273 | D        | HP: 1/34 [quokka skeleton (2)]
   284 | D        | Found a roughly hewn altar of Beogh.
   284 | D        | Found a snail-covered altar of Cheibriados.
   284 | D        | Found a shadowy altar of Dithmenos.
   284 | D        | Found a white marble altar of Elyvilon.
   284 | D        | Found a blossoming altar of Fedhas.
   284 | D        | Found an opulent altar of Gozag.
   573 | D        | Found a hazy altar of Hepliaklqana.
   574 | D        | Found a viscous altar of Jiyva.
   575 | D        | Found an ancient bone altar of Kikubaaqudgha.
   576 | D        | Found a corrupted altar of Lugonu.
   577 | D        | Found a burning altar of Makhleb.
   578 | D        | Found a sparkling altar of Nemelex Xobeh.
   579 | D        | Found an iron altar of Okawaru.
   580 | D        | Found a stormy altar of Qazlal.
   582 | D        | Became a worshipper of Gozag Ym Sagoz the Greedy
   588 | D        | Learned a level 4 spell: Olgreb's Toxic Radiance
   589 | D        | Found a sacrificial altar of Ru.
   590 | D        | Found a shimmering blue altar of Sif Muna.
   591 | D        | Found a bloodstained altar of Trog.
   592 | D        | Found a hide-covered altar of Uskayaw.
   593 | D        | Found a radiant altar of Vehumet.
   594 | D        | Found an ornate altar of the Wu Jian Council.
   595 | D        | Found a shimmering altar of Xom.
   596 | D        | Found a basalt altar of Yredelemnul.
   597 | D        | Found a glowing silver altar of Zin.
   598 | D        | Found a glowing golden altar of the Shining One.
   638 | D        | Noticed a sky beast
   638 | D        | Noticed a two-headed ogre
   638 | D        | Noticed a black bear
   638 | D        | Noticed a hippogriff
   643 | D        | Reached XP level 5. HP: 41/41 MP: 4/13
   831 | D        | Killed a sky beast
   831 | D        | Reached XP level 6. HP: 28/48 MP: 0/15
   851 | D        | Killed a two-headed ogre
   851 | D        | Reached skill level 5 in Conjurations
   851 | D        | Reached XP level 7. HP: 23/58 MP: 2/18
   851 | D        | Reached XP level 8. HP: 26/64 MP: 2/19
   858 | D        | Learned a level 5 spell: Venom Bolt
  1054 | D        | Killed a hippogriff
  1054 | D        | Reached skill level 5 in Hexes
  1054 | D        | Reached skill level 5 in Charms
  1054 | D        | Reached skill level 5 in Summonings
  1054 | D        | Reached skill level 5 in Necromancy
  1054 | D        | Reached skill level 5 in Translocations
  1054 | D        | Reached skill level 5 in Transmutations
  1054 | D        | Reached skill level 5 in Fire Magic
  1054 | D        | Reached skill level 5 in Ice Magic
  1054 | D        | Reached skill level 5 in Air Magic
  1054 | D        | Reached skill level 5 in Earth Magic
  1239 | D        | Noticed a hippogriff
  1239 | D        | Noticed a centaur warrior
  1239 | D        | Noticed a four-headed hydra
  1251 | D        | Killed a hippogriff
  1262 | D        | HP: 2/65 [centaur warrior/arrow (17)]
  1262 | D        | Shot with an arrow by a centaur warrior

Levels and vault maps discovered:
D:        linesprint [early_d, line_temple, items_1, d_10, items_2, lair_1,
          lair_end, items_3, orc_1, orc_end, items_4, d_15, swamp_1, shoals_1,
          snake_1, spider_1, d_20, vaults_1, items_5, swamp_end, shoals_end,
          snake_end, spider_end, vaults_end, d_27, items_6, zot_1, zot_end,
          crypt_end, forest_end, elf_end, slime_end, tomb_end, abyss_end,
          pan_hell_end]

Skill      XL: |  1  2  3  4  5  6  7  8 |
---------------+-------------------------+-----
Conjurations   | 2 3 4 5 |  5.9
Spellcasting   | 5 6 7 8 |  8.4
Fighting       | 1 2 3 4 6 |  6.6
Short Blades   | 1 2 3 4 6 |  6.6
Long Blades    | 1 2 3 4 6 |  6.6
Axes           | 1 2 3 4 6 |  6.6
Maces & Flails | 1 2 3 4 6 |  6.6
Polearms       | 1 2 3 4 6 |  6.6
Staves         | 1 2 3 4 6 |  6.6
Slings         | 1 2 3 4 6 |  6.6
Bows           | 1 2 3 4 6 |  6.6
Crossbows      | 1 2 3 4 6 |  6.6
Throwing       | 1 2 3 4 6 |  6.6
Armour         | 1 2 3 4 6 |  6.6
Shields        | 1 2 3 4 6 |  6.6
Unarmed Combat | 1 2 3 4 6 |  6.6
Invocations    | 1 3 4 6 7 |  7.2
Evocations     | 1 2 3 4 6 |  6.6
Dodging        | 5 6 7 8 |  8.1
Stealth        | 5 6 7 |  7.9
Hexes          | 2 3 4 5 |  5.4
Charms         | 2 3 4 5 |  5.4
Summonings     | 2 3 4 5 |  5.4
Necromancy     | 2 3 4 5 |  5.4
Translocations | 2 3 4 5 |  5.4
Transmutations | 2 3 4 5 |  5.4
Fire Magic     | 2 3 4 5 |  5.4
Ice Magic      | 2 3 4 5 |  5.4
Air Magic      | 2 3 4 5 |  5.4
Earth Magic    | 2 3 4 5 |  5.4
Poison Magic   | 6 7 |  7.8

Action                   |  1- 3 |  4- 6 |  7- 9 || total
-------------------------+-------+-------+-------++-------
Melee: Unarmed           |    24 |    11 |       ||    35
       Bite              |     2 |     1 |       ||     3
       Staff             |       |     2 |     7 ||     9
 Cast: Sting             |     9 |     9 |     4 ||    22
       Olgreb's Toxic Ra |       |     4 |     2 ||     6
       Venom Bolt        |       |       |     4 ||     4
  Use: Potion            |     1 |     1 |     2 ||     4
Armor: Robe              |     6 |     7 |     6 ||    19
Dodge: Dodged            |    24 |    34 |    21 ||    79
